 Dungeon Crawl Stone Soup version 0.30.0-29-ga12c61a403 (webtiles) character file.

Game seed: 4204140923497984001

222 qw the Chopper (level 5, -3/33 HPs)
             Began as a Gargoyle Fighter on June 5, 2023.
             Killed from afar by an orc wizard (5 damage)
             ... with a magic dart
             ... on level 3 of the Dungeon.
             The game lasted 00:01:00 (2192 turns).

qw the Chopper (Gargoyle Fighter)                   Turns: 2192, Time: 00:01:00

Health: -3/33      AC: 15    Str: 22    XL:     5   Next: 99%
Magic:  5/5        EV:  9    Int:  8    God:
Gold:   133        SH:  4    Dex:  9    Spells: 4/4 levels left

rFire   . . .        Y - +2 war axe
rCold   . . .        c - +0 buckler
rNeg    + . .        b - +0 scale mail
rPois   inf          (no helmet)
rElec   +            j - +0 cloak
rCorr   .            (no gloves)
SInv    .            (no boots)
Will    .....        (no amulet) Stlth
                     (no ring)
HPRegen 0.25/turn    (no ring)
MPRegen 0.09/turn

%: no passive effects
@: no status effects
A: sickness immunity, AC +4, negative energy resistance 1, electricity
resistance, torment resistance 1, petrification resistance, iridescent scales 1,
shaggy fur 1
a: no special abilities


You were on level 3 of the Dungeon.
You visited 1 branch of the dungeon, and saw 3 of its levels.

You collected 133 gold pieces.


Innate Abilities, Weirdness & Mutations

You are immune to sickness and miasma.
Your stone body is resilient. (AC +4)
You are immune to poison.
You resist negative energy. (rN+)
You are resistant to electric shocks. (rElec)
You are resistant to unholy torment.
You are immune to petrification.
You are partially covered in iridescent scales. (AC +2)
You are covered in fur. (AC +1)


   Skills:
 - Level 4.0 Fighting
 - Level 5.0 Axes
 - Level 3.2 Armour
 + Level 0.2 Dodging
 - Level 3.2 Shields


You had 4 spell levels left.
You didn't know any spells.
Your spell library was empty.

Inventory:

Hand Weapons
 l - a +0 flail
 Y - a +2 war axe (weapon)
Missiles
 k - 3 boomerangs (quivered)
Armour
 b - a +0 scale mail (worn)
 c - a +0 buckler (worn)
 f - a +0 helmet
 j - a +0 cloak (worn)
Scrolls
 a - 2 scrolls of identify
 g - a scroll of brand weapon {unknown}
Potions
 d - 3 potions of might
 e - a potion of curing
 h - 2 potions of haste {unknown}
 i - a potion of mutation

Dungeon Overview and Level Annotations

Branches:
Dungeon (3/15)

Altars:

Annotations:
D:3 Grinder


Message History

You block the orc's attack. Grinder barely misses you.
The grasping roots constrict you.
You barely miss Grinder.
Grinder is heavily wounded.
You barely miss the orc.
A quokka comes into view.
An orc wizard comes into view. It is wielding a +0 dagger.
The orc hits you but does no damage. Grinder hits you but does no damage.
The grasping roots constrict you!
You slash Grinder!
Grinder is severely wounded.
You slash the orc!
You kill the orc!
Grinder gestures at you.
You barely resist. The grasping roots constrict you.
The grasping roots release their grip on you.
You closely miss Grinder.
Grinder is severely wounded.
You barely miss the orc. You closely miss the orc.
Grinder hits you but does no damage. The orc closely misses you.
The orc hits you but does no damage.
You barely miss Grinder.
Grinder is severely wounded.
You hit the orc. x2
Grinder gestures at you.
You barely resist. The orc barely misses you. You block the orc's attack.
The orc barely misses you. The orc hits you but does no damage.
Grinder blinks!
You slash the orc!
You kill the orc!
You hit the orc.
The quokka bites you but does no damage.
You hit the orc wizard but do no damage.
You barely miss the quokka.
Grinder blinks!
The quokka completely misses you.
You barely miss the orc wizard. You slash the quokka!
You kill the quokka!
You block the orc wizard's attack. The orc barely misses you.
The orc wizard points at you and mumbles some strange words.
The magic dart hits you.
You die...

.#.## ...## # ..?.#
#.# .... .5 #..# #.#
#.##..# #.# #..oo)#
... ##@## #.# ##...##
#.# ##.....## ####.#
##.......## ##.##.#
#.........####...#.###
+.........+..........)
#.........###....#####
##.......####.#.###
##.....## #......#


You could see Grinder, an orc wizard and an orc.

Vanquished Creatures
  2 orc priests (D:3)
  Terence (D:3)
  Robin (D:3)
  3 gnolls (D:2)
  An adder (D:3)
  A worm (D:3)
  3 dart slugs
  13 orcs (D:3)
  3 endoplasms
  4 giant cockroaches (D:1)
  13 goblins
  6 hobgoblins
  2 quokkas (D:3)
  4 ball pythons
  A bat (D:2)
  2 frilled lizards
  3 kobolds
  2 rats
65 creatures vanquished.

Notes
Turn   | Place    | Note
-------+----------+-------------------------------------------
     0 | D:1      | qw the Gargoyle Fighter began the quest for the Orb.
     0 | D:1      | Reached XP level 1. HP: 14/14 MP: 1/1
     0 | D:1      | 0 ||| qw: Version: 0.2-a-108-gee2c290
     0 | D:1      | 0 ||| qw: Game counter: 1425
     0 | D:1      | 0 ||| qw: Always use a shield: true
     0 | D:1      | 0 ||| qw: God list: Okawaru
     0 | D:1      | 0 ||| qw: Allow faded altars: false
     0 | D:1      | 0 ||| qw: Do Orc after D:15 true
     0 | D:1      | 0 ||| qw: Do second Lair branch before Depths: true
     0 | D:1      | 0 ||| qw: Lair rune preference: random
     0 | D:1      | 0 ||| qw: Plans: Normal, Zot:1-4, Slime:5, God:TSO, Crypt,
                  | Tomb, Abyss, Pan, Hells, Win
     0 | D:1      | 0 ||| PLANNING D:1-11
     3 | D:1      | Noticed an electric eel
     4 | D:1      | Noticed an electric eel
    69 | D:1      | Found a faded altar of an unknown god.
   161 | D:1      | Reached skill level 2 in Axes
   176 | D:1      | 176 ||| Stepping ~*~*~tactically~*~*~ (hiding).
   177 | D:1      | 177 ||| Stepping ~*~*~tactically~*~*~ (hiding).
   180 | D:1      | 180 ||| Stepping ~*~*~tactically~*~*~ (hiding).
   183 | D:1      | Reached XP level 2. HP: 16/19 MP: 2/2
   545 | D:1      | Reached skill level 3 in Axes
   687 | D:1      | Reached XP level 3. HP: 23/23 MP: 3/3
   797 | D:1      | 797 ||| UPGRADING to +0 cloak.
   802 | D:1      | 802 ||| READING 3 scrolls labelled PEWEOCS TOMI.
   803 | D:1      | 803 ||| DRINKING 2 dark potions.
   804 | D:1      | 804 ||| DRINKING 2 smoky cyan potions.
   804 | D:1      | Gained mutation: You are covered in fur. (AC +1) [potion of
                  | mutation]
   804 | D:1      | Gained mutation: You are partially covered in iridescent
                  | scales. (AC +2) [potion of mutation]
   805 | D:1      | 805 ||| DRINKING 2 metallic amethyst potions.
   806 | D:1      | 806 ||| READING 2 scrolls of identify.
   806 | D:1      | 806 ||| IDENTIFYING smoky silvery potion
   807 | D:1      | 807 ||| DROPPING potion of brilliance.
   893 | D:2      | 893 ||| DROPPING +0 club.
  1181 | D:2      | Reached XP level 4. HP: 28/28 MP: 4/4
  1257 | D:2      | 1257 ||| Stepping ~*~*~tactically~*~*~ (stealth).
  1258 | D:2      | 1258 ||| Stepping ~*~*~tactically~*~*~ (stealth).
  1259 | D:2      | 1259 ||| Stepping ~*~*~tactically~*~*~ (stealth).
  1454 | D:2      | 1454 ||| READING scroll labelled SEMAEKL SAPN.
  1455 | D:2      | 1455 ||| READING 2 scrolls of identify.
  1455 | D:2      | 1455 ||| IDENTIFYING glowing coppery potion
  1456 | D:2      | 1456 ||| DROPPING potion of flight.
  1699 | D:3      | Reached skill level 4 in Axes
  1703 | D:3      | HP: 3/28 [orc priest/divine providence (12)]
  1704 | D:3      | 1704 ||| DRINKING potion of heal wounds.
  1708 | D:3      | Reached XP level 5. HP: 16/32 MP: 5/5
  1782 | D:3      | 1782 ||| DROPPING +0 whip.
  1827 | D:3      | 1827 ||| READING scroll of enchant weapon.
  1827 | D:3      | 1827 ||| ENCHANTING +1 war axe.
  1908 | D:3      | Noticed Terence
  1920 | D:3      | Killed Terence
  1921 | D:3      | Reached skill level 5 in Axes
  2130 | D:3      | Noticed Robin
  2151 | D:3      | Killed Robin
  2180 | D:3      | Noticed Grinder
  2180 | D:3      | Paralysed by Grinder for 5 turns
  2186 | D:3      | HP: 7/33 [constriction (9)]
  2187 | D:3      | HP: 1/33 [constriction (6)]
  2192 | D:3      | Killed from afar by an orc wizard

Levels and vault maps discovered:
D:1:      arrival_aquarium_b, layout_loops_ring,
          dreamdust_ecumenical_altar_hidden_monk_grotto, minmay_tromino_i4
D:2:      layout_loops_ring, corexii_leaking_fountain
D:3:      layout_loops_corners, grunt_ministairs_4, uniq_grinder, uniq_terence,
          uniq_robin

Skill      XL: |  1  2  3  4  5 |
---------------+----------------+-----
Axes           | 2 3 4 5 |  5.0
Fighting       | 4 |  4.0
Armour         | |  3.2
Dodging        | |  0.2
Shields        | |  3.2

Action                     |  1- 3 |  4- 6 || total
---------------------------+-------+-------++-------
  Melee: War axe           |    55 |   108 ||   163
  Throw: Boomerang         |       |    13 ||    13
    Use: Potion            |     3 |     1 ||     4
         Scroll            |     2 |     3 ||     5
 Armour: Scale mail        |    17 |    79 ||    96
  Dodge: Dodged            |    19 |    50 ||    69
  Block: Buckler           |     8 |    20 ||    28

Table legend:
 A = Non-vault XP
 B = Vault XP
 C = Vault XP percentage of total XP
 D = Non-vault monster count
 E = Vault monster count
 F = Vault count percentage of total count
                 A         B        C        D         E       F
            +---------+---------+-------+---------+---------+-------
      Total |     229 |      91 |  28.4 |      48 |      17 |  26.2
            +---------+---------+-------+---------+---------+-------
        D:1 |      28 |       6 |  17.6 |      13 |       3 |  18.8
        D:2 |      53 |       0 |   0.0 |      10 |       0 |   0.0
        D:3 |     148 |      85 |  36.5 |      25 |      14 |  35.9
            +---------+---------+-------+---------+---------+-------
